 Dungeon Crawl Stone Soup version 0.18-a0-824-g47fe746 (webtiles) character file.

169 inmateoo the Cudgeler (level 5, -3/57 HPs)
             Began as an Ogre Fighter on Dec 17, 2015.
             Slain by Grinder (6 damage)
             ... on level 3 of the Dungeon.
             The game lasted 00:02:55 (1911 turns).

inmateoo the Cudgeler (Ogre Fighter)                Turns: 1911, Time: 00:02:55

Health: -3/57      AC:  4    Str: 22    XL:     5   Next: 50%
Magic:  5/5        EV:  8    Int:  7    God:
Gold:   178        SH:  0    Dex:  9    Spells: 0 memorised, 4 levels left

rFire  . . .     SeeInvis .     a - +0 flail
rCold  . . .     Gourm    .     b - +1 robe
rNeg   . . .     Faith    .     c - +0 shield
rPois  .         Spirit   .     (helmet restricted)
rElec  .         Dismiss  .     (no cloak)
rCorr  .         Reflect  .     (gloves unavailable)
SustAt .         Harm     .     (boots unavailable)
MR     .....                    (no amulet)
Stlth  +.........               (no ring)
                                (no ring)

@: confused, flying, not resistant to hostile enchantments, very unstealthy
A: unfitting armour, tough skin 1
a: no special abilities


You were on level 3 of the Dungeon.
You were not hungry.

You visited 1 branch of the dungeon, and saw 3 of its levels.

You collected 178 gold pieces.

Inventory:

Hand Weapons
 a - a +0 flail (weapon)
Armour
 b - a +1 robe (worn)
 c - a +0 shield (worn)
Jewellery
 n - an uncursed ring of fire
 s - an uncursed ring of ice {unknown}
Scrolls
 j - 2 scrolls of recharging
 k - 2 scrolls of enchant armour
 l - a scroll of teleportation
 m - 2 scrolls of remove curse
 q - a scroll of blinking {unknown}
 u - a scroll of identify
Potions
 d - a potion of might
 e - a potion of haste {unknown}
 i - a potion of magic
 o - a potion of flight
 p - a potion of curing {unknown}
 r - a potion of resistance
Comestibles
 f - 6 bread rations
 g - 3 slices of pizza
 h - a beef jerky
 t - a meat ration
 v - a chunk of flesh


   Skills:
 + Level 5.0 Fighting
 * Level 5.5 Maces & Flails
 + Level 0.0 Throwing
 + Level 0.0 Armour
 + Level 3.1 Dodging
 + Level 3.2 Shields


You had 4 spell levels left.
You didn't know any spells.

Dungeon Overview and Level Annotations

Branches:
Dungeon (3/15)

Altars:
Makhleb

Annotations:
D:3 Grinder


Innate Abilities, Weirdness & Mutations

You are too large for most types of armour.
You have tough skin (AC +1).


Message History

You hit Grinder.
Grinder is lightly wounded.
The bat hits you. Grinder hits you.
You writhe in agony.
* * * LOW HITPOINT WARNING * * *
The bat barely misses you.
Grinder zaps a wand.
Your will is overpowered!
You are more confused.
Drink which item? (? for menu, Esc to quit)
It was a potion of magic.
Magic courses through your body. The bat hits you but does no damage.
The bat hits you.
* * * LOW HITPOINT WARNING * * *
Grinder hits you.
* * * LOW HITPOINT WARNING * * *
You writhe in agony.
* * * LOW HITPOINT WARNING * * *
Drink which item? (? for menu, Esc to quit)
It was a potion of flight.
You feel very buoyant.
You fly up into the air.
The bat closely misses you. The bat barely misses you. Grinder hits you.
You die...

################.#
#................#
#.#############..#
#.....# #..#
#....## #..#
#....# #..#
...>### #..#
#.....# .# #5b#
#.#...+...+ #.@#
#.#.......#......#
#.#.###._..####.$#
..#.# ###.# #..#
#.#.# 1# #..#
#...# # #..#
#...## #..#
#....##########..#
#.............


You could see Grinder and a bat.

Vanquished Creatures
  Ijyb (D:3)
  Jessica (D:3)
  Terence (D:2)
  3 adders
  4 worms
  3 giant geckos
  3 orcs (D:3)
  8 bats
  2 giant cockroaches (D:2)
  7 hobgoblins
  3 quokkas (D:2)
  3 giant newts
  5 goblins
  6 kobolds
  5 rats
55 creatures vanquished.

Notes
Turn   | Place    | Note
--------------------------------------------------------------
     0 | D:1      | inmateoo the Ogre Fighter began the quest for the Orb.
     0 | D:1      | Reached XP level 1. HP: 24/24 MP: 1/1
   139 | D:1      | Reached XP level 2. HP: 28/32 MP: 2/2
   469 | D:2      | Reached XP level 3. HP: 36/39 MP: 3/3
   692 | D:2      | Noticed Terence
   698 | D:2      | Killed Terence
   731 | D:2      | Reached XP level 4. HP: 40/49 MP: 4/4
  1420 | D:3      | Noticed Jessica
  1440 | D:3      | Killed Jessica
  1440 | D:3      | Reached skill level 5 in Maces & Flails
  1442 | D:3      | Reached XP level 5. HP: 52/55 MP: 5/5
  1583 | D:3      | Noticed Ijyb
  1596 | D:3      | Killed Ijyb
  1716 | D:3      | Reached skill level 5 in Fighting
  1872 | D:3      | Found a burning altar of Makhleb.
  1875 | D:3      | Noticed an Executioner
  1895 | D:3      | Noticed Grinder
  1911 | D:3      | Slain by Grinder

Vault maps used:
D:1:      minmay_arrival_up_and_down
D:2:      first_bread, uniq_terence
D:3:      grunt_temple_overflow_order_and_chaos_2,
          nicolae_overflow_hidden_temple, uniq_iyjb, uniq_grinder, uniq_jessica

Action                   |  1- 3 |  4- 6 || total
-------------------------+-------+-------++-------
Melee: Flail             |    77 |    98 ||   175
  Use: Scroll            |       |     7 ||     7
       Potion            |       |     2 ||     2
 Stab: Sleeping          |       |     1 ||     1
  Eat: Chunk             |       |     3 ||     3
